cohdb
Replays
Latest Replays
All Replays
Popular Replays
Top Player Replays
Match Explorer
How It Works
Community
CoH3 Stats
Reddit
Sign in to upload your games and track your stats! →
Sign in with Steam
Match 41583350
Unlisted
Match 41583350
Overview
Messages
Build Orders
End
Selects Armored Battlegroup
Selects Assault Engineers
Construct Barracks
Riflemen Squad
Riflemen Squad
Riflemen Squad
Grenade Package
Construct Weapon Support Center
Selects Fast Deploy
Construct Medical Station
Mechanized Support Center
M1 Mortar Team
Selects M31 Recovery Vehicle
Construct Motor Pool
M8 Greyhound Armored Car
Designate Forward Repair Station
M1 Anti-tank Gun Team
M3 75 mm Gun Motor Carriage
Construct Tank Depot
Selects M8 Scott SPG
Selects UNKNOWN (2160077)
M1918 Browning Automatic Rifles
M1919 Machine Gun Team
M4A3E8 Sherman Easy Eight
Riflemen Squad
Selects War Machine
M4A3E8 Sherman Easy Eight
M1919 Machine Gun Team
mp5
Dawes
赤霞
记忆昂姜
Lamar
Ruttedranger
TheOneFromALandUnderTheRain
Ashed
0
0
Comments
sign in to comment!
No comments posted yet!